Map: Prion Terraces

Players

Grumm

  • Race: Protoss Protoss
  • League: Gold

Jonseek - Winner!

  • Race: Terran Terran
  • League: Gold

VOD

Have the link to the VOD?

Description

Time

  • Played on: Jan. 8, 2016, 6:28 p.m.
  • Length: 10:26
Show
View Real Time Build Order
Export as new Build Order

Grumm Protoss 

Build Orders:  

Get SALT Encoding   

  12  0:01  Probe (Chrono Boost)  
  13  0:11  Probe (Chrono Boost)  
  14  0:18  Pylon  
  14  0:23  Probe (Chrono Boost)  
  15  0:35  Assimilator  
  15  0:36  Probe (Chrono Boost)  
  16  0:43  Gateway  
  16  0:47  Probe (Chrono Boost)  
  17  0:58  Probe (Chrono Boost)  
  18  1:10  Probe (Chrono Boost)  
  19  1:14  Assimilator  
  19  1:20  Probe (Chrono Boost)  
  20  1:31  Cybernetics Core  
  20  1:37  Pylon, Probe (Chrono Boost)  
  21  1:50  Probe (Chrono Boost)  
  22  2:07  Stalker (Chrono Boost)  
  24  2:09  Nexus  
  24  2:12  Warp Gate (Chrono Boost)  
  23  2:25  Gateway  
  23  2:30  Probe  
  24  2:39  Pylon  
  24  2:42  Stalker (Chrono Boost)  
  26  2:54  Probe  
  27  3:07  Probe  
  27  3:08  Robotics Facility  
  28  3:24  Probe  
  29  3:33  Probe  
  29  3:39  Probe  
  31  3:43  Probe  
  31  3:45  Gateway  
  31  3:46  Pylon  
  31  4:00  Immortal (Chrono Boost)  
  35  4:06  Probe  
  36  4:13  Gateway  
  36  4:14  Pylon  
  36  4:17  Assimilator  
  36  4:22  Assimilator  
  36  4:24  Zealot  
  36  4:25  Adept  
  40  4:34  Probe  
  40  4:35  Probe  
  42  4:44  Probe  
  42  4:47  Probe, Zealot  
  42  4:48  Zealot x2  
  50  4:55  Probe  
  50  4:58  Warp Prism (Chrono Boost)  
  50  4:59  Probe  
  54  5:05  Probe  
  54  5:10  Gateway  
  54  5:11  Forge  
  54  5:13  Pylon  
  51  5:23  Zealot  
  51  5:25  Zealot x2  
  57  5:41  Stalker  
  59  5:43  Probe  
  59  5:44  Protoss Ground Weapons Level 1  
  59  5:47  Pylon, Gateway  
  60  5:50  Mothership Core  
  60  5:52  Stalker  
  60  5:54  Stalker  
  60  5:55  Pylon, Sentry  
  68  6:09  Immortal (Chrono Boost)  
  72  6:18  Pylon  
  72  6:19  Probe x2  
  72  6:22  Stalker  
  72  6:23  Stalker  
  78  6:28  Adept  
  80  6:47  Zealot x3  
  80  6:48  Zealot  
  80  6:50  Stalker  
  82  7:01  Zealot x2  
  82  7:02  Zealot  
  80  7:26  Stalker  
  80  7:27  Stalker x2  
  80  7:28  Stalker  
  80  7:29  Stalker  
  86  7:31  Probe x2  
  86  7:34  Protoss Ground Armor Level 1  
  86  7:42  Nexus  
  86  7:44  Pylon  
  84  7:45  Pylon  
  84  7:47  Pylon  
  84  7:48  Pylon x2  
  84  7:53  Immortal (Chrono Boost)  
  86  8:03  Probe  
  87  8:09  Stargate  
  87  8:12  Stargate  
  87  8:13  Pylon  
  87  8:16  Photon Cannon  
  87  8:29  Warp Prism (Chrono Boost)  
  89  8:45  Stalker x5  
  89  8:46  Stalker  
  63  9:00  Void Ray, Immortal (Chrono Boost)  
  59  9:08  Stalker  
  46  9:10  Stalker  
  40  9:30  Stalker x2  
  43  9:38  Zealot  
  43  9:44  Sentry  
  45  10:07  Probe  
Show
View Real Time Build Order
Export as new Build Order

Jonseek Terran - Winner!

Build Orders: Reaper Expand, MMM Bio 

Get SALT Encoding   

  12  0:01  SCV  
  13  0:13  SCV  
  14  0:18  Supply Depot  
  14  0:25  SCV  
  15  0:40  Barracks  
  15  0:44  SCV  
  15  0:45  Refinery  
  16  0:57  SCV  
  17  1:09  SCV  
  18  1:21  SCV  
  19  1:28  Reaper  
  20  1:35  Command Center  
  20  1:37  SCV  
  21  1:49  Orbital Command  
  21  1:58  Refinery  
  21  2:05  Supply Depot  
  21  2:13  Barracks Reactor  
  21  2:23  SCV  
  21  2:28  Barracks  
  22  2:47  Barracks  
  22  2:48  SCV  
  22  2:49  SCV, Barracks  
  24  3:01  Marine x2  
  24  3:04  SCV  
  27  3:06  SCV  
  28  3:25  Barracks Tech Lab, Marine x2  
  28  3:27  SCV  
  32  3:28  Orbital Command  
  31  3:35  Barracks Tech Lab  
  31  3:36  Barracks Tech Lab  
  31  3:41  SCV  
  32  3:57  Marine x2  
  32  3:59  Marauder x3  
  32  4:02  SCV x2  
  41  4:13  Supply Depot  
  41  4:14  Factory  
  41  4:18  Marine x2  
  41  4:19  SCV x2  
  41  4:22  Marine  
  46  4:25  Combat Shields, Stimpack  
  46  4:27  Concussive Shells  
  46  4:34  Supply Depot  
  46  4:38  Marine, SCV x2  
  48  4:39  Marine  
  48  4:40  Marine  
  48  4:43  Marine  
  48  4:44  Marine  
  53  4:51  SCV x2  
  55  4:57  Factory Reactor  
  55  4:59  Starport  
  55  5:01  Supply Depot  
  55  5:06  Marauder, Refinery  
  57  5:09  Marauder  
  57  5:10  Marine  
  57  5:12  Marine  
  57  5:14  Marine  
  61  5:23  SCV x2  
  63  5:31  Supply Depot  
  63  5:34  Supply Depot, Marine, Marauder x2  
  68  5:43  SCV x2  
  68  5:45  Medivac x2  
  68  5:48  Marauder, Marine  
  77  5:52  Supply Depot  
  77  5:58  Supply Depot, SCV x2  
  77  6:00  Marauder  
  77  6:01  Marine  
  77  6:03  Marine  
  83  6:14  Marauder  
  83  6:18  Medivac x2  
  89  6:25  Supply Depot x2  
  89  6:26  Supply Depot  
  89  6:28  Marine x2  
  89  6:29  Marauder  
  89  6:31  Marauder  
  89  6:32  SCV  
  96  6:34  SCV  
  97  6:47  Marine x2  
  97  6:48  Marauder  
  97  6:49  Medivac  
  97  6:51  Marauder  
  101  7:15  Marine x2  
  102  7:16  Marauder x2  
  102  7:17  Medivac, Marauder  
  110  7:43  Command Center  
  110  7:49  Marine x2  
  110  7:50  Medivac, Marauder x3  
  119  8:11  Marauder  
  121  8:18  Engineering Bay  
  121  8:20  Marine  
  121  8:21  Marauder, Marine  
  121  8:22  Marauder  
  121  8:25  Command Center  
  101  9:13  Marine x2  
  101  9:14  Marauder x3  
  101  9:15  Medivac x2, SCV  
  101  9:16  SCV  
  115  9:21  Missile Turret  
  115  9:35  Marauder  
  115  9:38  Marine x2  
  118  9:39  Marauder x2  
  118  9:42  SCV x2  
  122  9:57  Marauder  
  124  10:03  Marine x2  
  124  10:04  Marauder x2  
Tags
 
Add a new tag
Caveats
  • Supply blocks, unpowered buildings, or Contaminate may cause inaccurate times.
  • Supply counts are checked every 10 seconds.